 Dungeon Crawl Stone Soup version 0.22.0-60-ga52c2fc (webtiles) character file.

175 ichi404 the Covered (level 5, -2/54 HPs)
             Began as a Halfling Fighter on Sept 10, 2018.
             Slain by a gnoll
             ... wielding a +4 spear of piercing
              (6 damage)
             ... on level 3 of the Dungeon.
             The game lasted 00:12:15 (851 turns).

ichi404 the Covered (Halfling Fighter)               Turns: 851, Time: 00:12:16

Health: -2/54      AC: 22    Str: 23    XL:     5   Next: 85%
Magic:  5/5        EV:  3    Int: 11    God:
Gold:   16         SH:  0    Dex: 14    Spells: 4/4 levels left

rFire    . . .     SeeInvis .   b - -1 trident (curse)
rCold    . . .     Gourm    .   (shield currently unavailable)
rNeg     + + +     Faith    .   (armour currently unavailable)
rPois    +         Spirit   .   (helmet currently unavailable)
rElec    .         Reflect  .   (cloak currently unavailable)
rCorr    .         Harm     .   (gloves currently unavailable)
MR       .....     NoTele   +   (boots currently unavailable)
Stlth    +.........             (no amulet)
HPRegen  0.18/turn              m - +4 ring of evasion
MPRegen  0.09/turn              (no ring)

@: mighty, brilliant, tree-form
A: small, mutation resistance 1
a: no special abilities


You were on level 3 of the Dungeon.
You were not hungry.
You were a tree.
You visited 1 branch of the dungeon, and saw 3 of its levels.

You collected 16 gold pieces.

Inventory:

Hand Weapons
 a - a +0 rapier
 b - a cursed -1 trident (weapon)
Armour
 c - a +0 shield
 g - a cursed +0 ring mail
 i - a +1 scale mail (melded)
Jewellery
 m - a +4 ring of evasion (left branch)
Wands
 k - a wand of digging (5)
Potions
 h - a potion of curing {unknown}
 n - a potion of flight {unknown}
 o - a potion of mutation
Comestibles
 f - 7 rations


   Skills:
 + Level 3.5 Fighting
 + Level 3.0 Short Blades
 + Level 1.7 Polearms
 + Level 4.3 Armour
 + Level 1.2 Dodging
 + Level 3.9 Shields


You had 4 spell levels left.
You didn't know any spells.
Your spell library was empty.

Dungeon Overview and Level Annotations

Branches:
Dungeon (3/15)

Altars:


Innate Abilities, Weirdness & Mutations

You are small and have problems with some larger weapons.
You are somewhat resistant to further mutation.
((You can translocate small distances at will.))


Message History

The gnoll hits you from afar with a spear of piercing.
* * * LOW HITPOINT WARNING * * *
x2 The gnoll hits you but does no damage.
Search for what [? for help]?
Okay, then.
You swing at nothing.
The gnoll barely misses you.
The gnoll hits you but does no damage. x2
The gnoll hits you but does no damage. x2
The gnoll hits you but does no damage. x2
The gnoll hits you but does no damage. x2
The gnoll hits you but does no damage. x2
The gnoll hits you but does no damage. x2
The gnoll hits you but does no damage. x2
The gnoll hits you but does no damage.
The gnoll hits you from afar with a spear of piercing.
* * * LOW HITPOINT WARNING * * *
x2 The gnoll hits you but does no damage. x2
The gnoll completely misses you.
The gnoll hits you from afar with a spear of piercing.
You die...

####..†.......#....#.....
...†..†..................
####.........####........
#............#.###....
############.#..# ...
.......##.# . #....#
#.†### ##♣# #)## #gg#
##g## #†.# ##.##
######..### #.........#
#.......#.#


You could see 3 gnolls.

Vanquished Creatures
  A hound (D:2)
  Jessica (D:2)
  A worker ant (D:2)
  6 adders
  A worm (D:2)
  2 dart slugs
  2 leopard geckos (D:2)
  An orc (D:3)
  3 bats
  A giant cockroach (D:2)
  2 goblins
  2 hobgoblins
  3 jackals (D:3)
  3 kobolds
  A quokka (D:2)
  3 frilled lizards
  6 rats
39 creatures vanquished.

Notes
Turn   | Place    | Note
-------+----------+-------------------------------------------
     0 | D:1      | ichi404 the Halfling Fighter began the quest for the Orb.
     0 | D:1      | Reached XP level 1. HP: 15/15 MP: 1/1
     7 | D:1      | Noticed a death yak
    91 | D:1      | Reached XP level 2. HP: 20/20 MP: 2/2
   133 | D:1      | You fall through a shaft!
   143 | D:2      | Reached XP level 3. HP: 20/26 MP: 3/3
   258 | D:2      | Reached XP level 4. HP: 20/31 MP: 4/4
   259 | D:2      | Noticed Jessica
   268 | D:2      | Killed Jessica
   268 | D:2      | Reached skill level 4 in Armour
   441 | D:2      | Reached skill level 1 in Polearms
   441 | D:2      | Reached XP level 5. HP: 33/36 MP: 5/5
   718 | D:3      | Reached skill level 1 in Dodging
   828 | D:3      | Gained mutation: You can translocate small distances at
                  | will. [potion of mutation]
   830 | D:3      | HP: 2/54 [gnoll/spear (2)]
   851 | D:3      | Slain by a gnoll

Skill      XL: |  1  2  3  4  5 |
---------------+----------------+-----
Fighting       | 3 |  3.5
Short Blades   | 3 |  3.0
Armour         | 4 |  4.3
Polearms       | 1 |  1.7
Dodging        | 1 |  1.2
Shields        | |  3.9

Action                   |  1- 3 |  4- 6 || total
-------------------------+-------+-------++-------
Melee: Rapier            |    16 |       ||    16
       Trident           |    28 |   131 ||   159
  Use: Scroll            |     1 |     2 ||     3
       Potion            |       |     5 ||     5
Armor: Scale mail        |    28 |    65 ||    93
       Skin              |       |    39 ||    39
Dodge: Dodged            |    35 |   135 ||   170
Block: Shield            |     6 |       ||     6
